 Dungeon Crawl Stone Soup version 0.31-a0-237-g2d982f9f85 (webtiles) character file.

Game seed: 4323206682077254177

366 qw the Shooter (level 6, -4/37 HPs)
             Began as a Gargoyle Hexslinger on July 10, 2023.
             Slain by a gnoll
             ... wielding a +0 club
             ... led by a gnoll bouda
              (7 damage)
             ... on level 5 of the Dungeon.
             The game lasted 00:01:47 (3945 turns).

qw the Shooter (Gargoyle Hexslinger)                Turns: 3945, Time: 00:01:47

Health: -4/37      AC: 10    Str: 15 (16) XL:     6   Next: 68%
Magic:  7/7        EV: 11    Int: 11      God:
Gold:   85         SH:  0    Dex: 15 (18) Spells: 6/7 levels left

rFire   . . .        p - +1 sling (flame)
rCold   . . .        (no shield)
rNeg    + . .        f - +0 ring mail
rPois   inf          (no helmet)
rElec   +            g - +0 cloak
rCorr   .            (no gloves)
SInv    .            (no boots)
Will    .....        (no amulet)
Stlth   +            k - +6 ring of strength
HPRegen 0.26/turn    (no ring)
MPRegen 0.10/turn

%: no passive effects
@: about to teleport, weakened
A: sickness immunity, AC +4, negative energy resistance 1, electricity
resistance, torment resistance 1, petrification resistance, agile 1,
deterioration 1, dopey 1
a: no special abilities


You were on level 5 of the Dungeon.
You visited 1 branch of the dungeon, and saw 5 of its levels.

You collected 166 gold pieces.
You spent 81 gold pieces at shops.


Innate Abilities, Weirdness & Mutations

You are immune to sickness and miasma.
Your stone body is resilient. (AC +4)
You are immune to poison.
You resist negative energy. (rN+)
You are resistant to electric shocks. (rElec)
You are resistant to unholy torment.
You are immune to petrification.
You are agile. (Dex +4, Str/Int -1)
Your body sometimes deteriorates upon taking damage.
You are dopey. (Int -2)


   Skills:
 + Level 3.0 Fighting
 - Level 6.0 Ranged Weapons
 - Level 1.8 Armour
 - Level 1.5 Dodging
 - Level 1.0 Spellcasting
 - Level 2.6 Hexes


You had 6 spell levels left.
You knew the following spells:

 Your Spells              Type           Power      Damage    Failure   Level
a - Slow                  Hex            24%        N/A       21%         1

Your spell library contained the following spells:

 Spells                   Type           Power      Damage    Failure   Level
 Inner Flame              Hex/Fire       3%         N/A       71%         3
 Portal Projectile        Hex/Tloc       6%         N/A       71%         3
 Cause Fear               Hex            3%         N/A       90%         4

Inventory:

Hand Weapons
 p - a +1 sling of flaming (weapon)
Armour
 b - a +2 ring mail of willpower
 f - a +0 ring mail (worn)
 g - a +0 cloak (worn)
Jewellery
 k - a +6 ring of strength (left hand)
 m - a ring of ice
Scrolls
 c - a scroll of teleportation
 d - a scroll of identify
Potions
 a - a potion of might {unknown}
 e - 2 potions of degeneration {unknown}
 h - a potion of mutation
 i - a potion of haste
 j - a potion of enlightenment {unknown}
 l - a potion of berserk rage {unknown}
 n - 2 potions of heal wounds {unknown}
 o - a potion of curing

Dungeon Overview and Level Annotations

Branches:
Dungeon (5/15)
 Temple: D:4-7

Altars:
Fedhas
Hepliaklqana

Shops:
D:3 :   D:5 [((


Message History

The sling bullet burns the gnoll bouda.
The gnoll bouda is heavily wounded.
The gnoll bouda barely misses you. The gnoll hits you with a +0 flail.
The gnoll bouda hits you from afar with a +0 spear!
You shoot a sling bullet.
The sling bullet hits the gnoll but does no damage.
The gnoll misses you. The gnoll hits you with a +0 club.
The gnoll bouda barely misses you.
You shoot a sling bullet.
The sling bullet hits the gnoll but does no damage.
The gnoll hits you with a +0 flail.
The gnoll bouda barks out a call to the hunt!
The gnolls pick up the pace!
The gnoll hits you but does no damage.
You shoot a sling bullet.
The sling bullet closely misses the gnoll.
The gnoll hits you from afar with a +0 spear.
The gnoll completely misses you.
The gnoll bouda gazes fiercely through you!
You feel your attacks grow feeble.
The gnoll bouda drinks a potion.
The gnoll bouda is healed!
The gnoll closely misses you.
You shoot a sling bullet. The sling bullet hits the gnoll.
The sling bullet burns the gnoll.
The gnoll is heavily wounded.
The gnoll hits you but does no damage. The gnoll hits you with a +0 club.
The gnoll bouda hits you from afar with a +0 spear!
Your body deteriorates!
You feel weakened. The gnoll hits you but does no damage.
3944 ||| READING 2 scrolls of teleportation.
As you read the scroll of teleportation, it crumbles to dust.
You feel strangely unstable. The gnoll misses you.
The gnoll hits you but does no damage.
The gnoll bouda hits you from afar with a +0 spear.
The gnoll misses you.
You shoot a sling bullet.
The sling bullet closely misses the gnoll.
The gnoll hits you from afar with a +0 spear.
The gnoll hits you with a +0 club!
You die...

# #...#
#...#
##...# #
#...##
###g. #...#
####...gg
#. ##..##
##.....g #.
#...#
#..gg. #.
#...# #.g.#
#. #...#
#.g@# #.
#..>##
#.)## #.
#....# #..#
##. ##...##
#.)## #..
#....#
#...## #..
# #....##
#....##
##.. #
##....#
##....###
#... ##
##[....#
####...####
#...
.###......#
###....###
#...


You could see a gnoll bouda and 3 gnolls.

Vanquished Creatures
  A quasit (D:4)
  A hound (D:5)
  An orc priest (D:3)
  A jelly (D:3)
  3 gnolls (D:5)
  6 adders
  2 shadow imps (D:4)
  A white imp (D:4)
  4 ufetubi (D:4)
  4 dart slugs
  15 orcs
  10 ball pythons
  6 bats
  2 endoplasms
  A giant cockroach (D:1)
  12 goblins
  7 hobgoblins
  7 jackals
  9 kobolds
  3 quokkas
  2 frilled lizards (D:2)
  7 rats
105 creatures vanquished.

Notes
Turn   | Place    | Note
-------+----------+-------------------------------------------
     0 | D:1      | qw the Gargoyle Hexslinger began the quest for the Orb.
     0 | D:1      | Reached XP level 1. HP: 12/12 MP: 2/2
     0 | D:1      | 0 ||| qw: Version: 0.3-a-52-g30416fa
     0 | D:1      | 0 ||| qw: Game counter: 5110
     0 | D:1      | 0 ||| qw: Melee chars always use a shield: true
     0 | D:1      | 0 ||| qw: God list: Okawaru
     0 | D:1      | 0 ||| qw: Allow faded altars: false
     0 | D:1      | 0 ||| qw: Do Orc after clearing Dungeon:15 true
     0 | D:1      | 0 ||| qw: Do second Lair branch before Depths: true
     0 | D:1      | 0 ||| qw: Lair rune preference: random
     0 | D:1      | 0 ||| qw: Goals: Normal
     0 | D:1      | 0 ||| PLANNING D:1-11
   110 | D:1      | Reached XP level 2. HP: 16/16 MP: 3/3
   153 | D:1      | Reached skill level 3 in Ranged Weapons
   172 | D:1      | 172 ||| FLEEEEING.
   173 | D:1      | 173 ||| FLEEEEING.
   652 | D:1      | 652 ||| UPGRADING to +0 ring mail.
   662 | D:1      | 662 ||| DROPPING +0 robe.
   663 | D:1      | 663 ||| UPGRADING to +0 cloak.
   668 | D:1      | 668 ||| DROPPING +6 ring of intelligence.
   669 | D:1      | 669 ||| UPGRADING to +6 ring of strength.
   670 | D:1      | 670 ||| READING scroll labelled YMAFETHRERAR.
   671 | D:1      | 671 ||| DROPPING scroll of poison.
   727 | D:2      | Reached XP level 3. HP: 21/21 MP: 4/4
  1422 | D:2      | 1422 ||| READING scroll labelled XIETWE LUSOETED.
  1423 | D:2      | 1423 ||| READING 2 scrolls labelled DIWNUC LONGOLOPLAWK.
  1424 | D:2      | 1424 ||| READING scroll labelled YSARUOJIMI.
  1425 | D:2      | 1425 ||| READING scroll labelled NISHOD FIRYZ.
  1526 | D:2      | 1526 ||| DRINKING 2 fuming silvery potions.
  1527 | D:2      | 1527 ||| DRINKING 2 fizzy pink potions.
  1528 | D:2      | 1528 ||| DROPPING potion of brilliance.
  1601 | D:3      | Reached XP level 4. HP: 26/26 MP: 5/5
  1612 | D:3      | HP: 5/26 [orc priest/divine providence (12)]
  1614 | D:3      | Reached skill level 4 in Ranged Weapons
  1616 | D:3      | HP: 2/26 [ball python (2)]
  1768 | D:3      | Reached skill level 1 in Armour
  1768 | D:3      | Reached XP level 5. HP: 30/30 MP: 6/6
  1930 | D:3      | Found Kurhawogana's Vocational Training.
  2358 | D:3      | 2358 ||| READING 3 scrolls labelled GOUGHO TYVUO.
  2361 | D:3      | 2361 ||| READING scroll labelled BAIVIRIAME.
  2410 | D:4      | Reached skill level 5 in Ranged Weapons
  2456 | D:4      | 2456 ||| FLEEEEING.
  2457 | D:4      | 2457 ||| FLEEEEING.
  2458 | D:4      | 2458 ||| FLEEEEING.
  2459 | D:4      | 2459 ||| FLEEEEING.
  2694 | D:4      | Reached skill level 3 in Fighting
  2694 | D:4      | Reached XP level 6. HP: 37/37 MP: 7/7
  3180 | D:4      | 3180 ||| READING scroll labelled UDEGOMMUID.
  3181 | D:4      | 3181 ||| DRINKING 2 metallic red potions.
  3182 | D:4      | 3182 ||| DRINKING 2 coppery potions.
  3182 | D:4      | Gained mutation: Your body sometimes deteriorates upon
                  | taking damage. [potion of mutation]
  3182 | D:4      | Gained mutation: You are dopey. (Int -2) [potion of
                  | mutation]
  3182 | D:4      | Gained mutation: You are agile. (Dex +4, Str/Int -1)
                  | [potion of mutation]
  3183 | D:4      | 3183 ||| DROPPING potion of attraction.
  3225 | D:5      | Entered Level 5 of the Dungeon
  3402 | D:5      | 3402 ||| Stepping ~*~*~tactically~*~*~ (outnumbered).
  3491 | D:5      | Found Kuzi Riehy's Antique Weapon Shoppe.
  3493 | D:5      | Found Xonaona's Antique Weapon Shoppe.
  3495 | D:5      | Found Poyson's Antique Armour Shoppe.
  3501 | D:5      | 3501 ||| BUYING glowing sling (81 gold).
  3501 | D:5      | Bought a glowing sling for 81 gold pieces
  3501 | D:5      | 3501 ||| SWAPPING to +1 sling of flaming.
  3502 | D:5      | 3502 ||| DROPPING +2 sling.
  3669 | D:5      | Found a blossoming altar of Fedhas.
  3701 | D:5      | Found a hazy altar of Hepliaklqana.
  3930 | D:5      | Reached skill level 6 in Ranged Weapons
  3934 | D:5      | 3934 ||| Stepping ~*~*~tactically~*~*~ (outnumbered).
  3943 | D:5      | HP: 8/37 [gnoll bouda/+0 spear (8)]
  3944 | D:5      | 3944 ||| READING 2 scrolls of teleportation.
  3945 | D:5      | HP: 3/37 [gnoll/+0 spear[a gnoll bouda] (3)]
  3945 | D:5      | Slain by a gnoll

Levels and vault maps discovered:
D:1:      heliophobic_arrival_battle_scene, layout_loops_ring,
          serial_bayou_lake_a
D:2:      layout_loops_ring
D:3:      layout_basic, nicolae_shop_vocational
D:4:      layout_loops_cross, serial_demonic, serial_demonic_a,
          serial_demonic_d, serial_demonic_f, serial_demonic_d,
          chequers_serial_rivers_marsh
D:5:      corexii_shantytown, layout_layer_cave, mainiacjoe_overflow_two_lobes,
          eat_drink_and_be_merry_uskayaw, nicolae_shop_distant_corner_stores

Skill      XL: |  1  2  3  4  5  6 |
---------------+-------------------+-----
Ranged Weapons | 3 4 5 6 |  6.0
Fighting       | 2 3 |  3.0
Armour         | 1 |  1.8
Dodging        | |  1.5
Spellcasting   | |  1.0
Hexes          | |  2.6

Action                     |  1- 3 |  4- 6 || total
---------------------------+-------+-------++-------
   Fire: Sling             |   130 |   296 ||   426
    Use: Scroll            |     5 |     4 ||     9
         Potion            |     2 |     2 ||     4
 Armour: Robe              |     9 |       ||     9
         Ring mail         |    16 |   135 ||   151
  Dodge: Dodged            |    55 |   161 ||   216

Table legend:
 A = Non-vault XP
 B = Vault XP
 C = Vault XP percentage of total XP
 D = Non-vault monster count
 E = Vault monster count
 F = Vault count percentage of total count
                 A         B        C        D         E       F
            +---------+---------+-------+---------+---------+-------
      Total |     363 |     160 |  30.6 |      78 |      27 |  25.7
            +---------+---------+-------+---------+---------+-------
        D:1 |      32 |       0 |   0.0 |      18 |       0 |   0.0
        D:2 |      46 |       0 |   0.0 |      15 |       0 |   0.0
        D:3 |     150 |       0 |   0.0 |      25 |       0 |   0.0
        D:4 |      62 |     109 |  63.7 |      16 |       8 |  33.3
        D:5 |      73 |      51 |  41.1 |       4 |      19 |  82.6
            +---------+---------+-------+---------+---------+-------
